 Dungeon Crawl Stone Soup version 0.31-a0-968-g24f9ace8b5 (webtiles) character file.

Game seed: 7642385702034478088

631 Armakuni the Reanimator (level 7, 0/46 HPs)
             Began as a Human Necromancer on Oct 25, 2023.
             Slain by a hobgoblin
             ... wielding a +0 club
              (3 damage)
             ... on level 4 of the Dungeon on Oct 27, 2023.
             The game lasted 00:17:19 (4339 turns).

Armakuni the Reanimator (Human Necromancer)         Turns: 4339, Time: 00:17:19

Health: 0/46       AC:  4    Str: 11    XL:     7   Next: 78%
Magic:  3/10       EV: 12    Int: 15    God:
Gold:   177        SH:  0    Dex: 13    Spells: 1/10 levels left

rFire   x . .        m - +4 falchion "Fuenikh" {freeze, Will+}
rCold   . . .        (no shield)
rNeg    . . .        b - +0 robe
rPois   .            (no helmet)
rElec   +            n - scarf of Atheism {repulsion, *Corrode rElec rF- Will+++}
rCorr   .            i - +1 pair of gloves
SInv    .            (no boots)
Will    ++++.        M - amulet of magic regeneration
Stlth   ++           (no ring)
HPRegen 0.27/turn    (no ring)
MPRegen 0.52/turn

%: corrode self (3%), repel missiles
@: no status effects
A: no striking features
a: no special abilities


You were on level 4 of the Dungeon.
You visited 1 branch of the dungeon, and saw 4 of its levels.

You collected 177 gold pieces.

Inventory:

Hand Weapons
 g - a +1 short sword of venom
 m - the +4 falchion "Fuenikh" (weapon) {freeze, Will+}
   (You found it on level 2 of the Dungeon)

   Will+:     It increases your willpower.
Missiles
 l - 12 poisoned darts
Armour
 b - a +0 robe (worn)
 e - an orb of energy
 i - a +1 pair of gloves (worn)
 n - the scarf of Atheism (worn) {repulsion, *Corrode rElec rF- Will+++}
   (You acquired it on level 3 of the Dungeon)

   rF-:       It makes you vulnerable to fire.
   rElec:     It insulates you from electricity.
   Will+++:   It greatly increases your willpower.
   *Corrode:  It may corrode you when you take damage.
Jewellery
 M - an amulet of magic regeneration (around neck)
Wands
 d - a wand of quicksilver (1)
Scrolls
 j - 3 scrolls of enchant armour
 k - a scroll of teleportation
 q - a scroll of amnesia
Potions
 a - 2 potions of heal wounds
 c - 3 potions of curing
 f - a potion of lignification
 h - 2 potions of magic
 p - a potion of enlightenment


   Skills:
 - Level 2.0 Dodging
 - Level 2.0 Stealth
 - Level 2.0 Spellcasting
 + Level 8.9 Necromancy


You had one spell level left.
You knew the following spells:

 Your Spells              Type           Power      Damage    Failure   Level
a - Agony                 Necr           28%        N/A       16%         5
n - Necrotise             Necr           100%       1d9       1%          1
z - Vampiric Draining     Necr           28%        2d8       1%          3

Your spell library contained the following spells:

 Spells                   Type           Power      Damage    Failure   Level
 Summon Small Mammal      Summ           4%         N/A       22%         1
 Animate Dead             Necr           28%        N/A       5%          4
 Blink                    Tloc           2%         N/A       32%         2
 Call Canine Familiar     Summ           1%         N/A       54%         3
 Summon Guardian Golem    Hex/Summ       1%         N/A       54%         3
 Manifold Assault         Tloc           1%         N/A       91%         4


Dungeon Overview and Level Annotations

Branches:
Dungeon (4/15)
 Temple: D:4-7

Altars:

Shops:
D:3 :   D:4 :


Message History

You slash the goblin! You freeze the goblin.
You kill the goblin!
The hobgoblin hits you but does no damage.
You hit the hobgoblin. You freeze the hobgoblin.
You kill the hobgoblin!
The hobgoblin hits you but does no damage.
You hit the hobgoblin but do no damage. The hobgoblin misses you.
You hit the hobgoblin. You freeze the hobgoblin.
The hobgoblin is severely wounded.
The gnoll hits you with a +0 whip. The hobgoblin hits you with a +0 club.
The gnoll hits you with a +0 whip.
Casting: Vampiric Draining (safe; 1% risk of failure)
Confirm with . or Enter, or press ? or * to list all spells.
Aiming: Vampiric Draining (safe; 1% risk of failure)
Press: ? - help, Shift-Dir - straight line, f - gnoll
Aim: a gnoll, wielding a +0 whip You draw life force from the gnoll.
You feel life coursing into your body.
The gnoll hits you from afar with a +0 spear.
The hobgoblin hits you with a +0 club! The gnoll barely misses you.
Casting: Vampiric Draining (safe; 1% risk of failure)
Confirm with . or Enter, or press ? or * to list all spells.
Aiming: Vampiric Draining (safe; 1% risk of failure)
Press: ? - help, Shift-Dir - straight line, f/p - gnoll
Aim: a gnoll, wielding a +0 whip (moderately wounded)
You draw life force from the gnoll!
You feel life coursing into your body.
The gnoll hits you from afar with a +0 spear.
The hobgoblin barely misses you. The gnoll hits you with a +0 whip!
* * * LOW HITPOINT WARNING * * *
Casting: Vampiric Draining (safe; 1% risk of failure)
Confirm with . or Enter, or press ? or * to list all spells.
Aiming: Vampiric Draining (safe; 1% risk of failure)
Press: ? - help, Shift-Dir - straight line, f/p - gnoll
Aim: a gnoll, wielding a +0 whip (almost dead)
You draw life force from the gnoll!
You kill the gnoll!
You feel life coursing into your body.
The gnoll hits you from afar with a +0 spear.
* * * LOW HITPOINT WARNING * * *
The hobgoblin hits you with a +0 club.
You die...

.~.~.~~~~~~~~.~~~~.~.~~~~.~~~~~~~
.~~~~≈~~~~~~~~~~≈~~~≈~~≈~~~~~~~~≈
..~≈≈≈≈≈~≈≈≈~≈≈≈≈≈≈≈≈≈≈≈≈≈≈≈≈≈≈~≈
.~~≈≈≈≈≈≈≈≈≈≈≈≈≈≈≈≈≈≈≈≈≈≈≈#####≈≈
########################### #≈≈
.# ......#.....## ##......# ≈≈ .#
......'......###.......# ≈≈
.#########.......#g.gg.g..# '
))#.............@#...........#
).'..)..........g)g..........#
..#....).........#...........#
.#########.......#........##'# .#
.(....'......###.......# . .#
......#.....## ##......# ##
############# ########


You could see a gnoll and a hobgoblin.

Vanquished Creatures
  A phantom (D:4)
  2 orc priests (D:3)
  A gnoll bouda (D:4)
  A sleepcap (D:4)
  Ijyb (D:3)
  Terence (D:3)
  An iguana (D:4)
  2 orc wizards
  13 gnolls
  3 adders
  2 worms
  A dart slug (D:1)
  4 orcs
  6 endoplasms
  15 giant cockroaches
  33 goblins
  29 hobgoblins
  3 jackals (D:1)
  2 quokkas
  7 ball pythons
  3 bats
  4 frilled lizards (D:2)
  9 kobolds
  8 rats
152 creatures vanquished.

Vanquished Creatures (collateral kills)
  An orc (D:3)
  A ball python (D:1)
  A giant cockroach (D:1)
  A frilled lizard (D:1)
4 creatures vanquished.

Grand Total: 156 creatures vanquished

Notes
Turn   | Place    | Note
-------+----------+-------------------------------------------
     0 | D:1      | Armakuni the Human Necromancer began the quest for the Orb.
     0 | D:1      | Reached XP level 1. HP: 13/13 MP: 3/3
    21 | D:1      | Reached XP level 2. HP: 19/19 MP: 1/5
   179 | D:1      | Reached XP level 3. HP: 24/24 MP: 0/6
   300 | D:1      | Reached skill level 5 in Necromancy
   484 | D:1      | Learned a level 3 spell: Vampiric Draining
   557 | D:1      | You fall into a shaft and drop 1 floor!
   712 | D:1      | Reached XP level 4. HP: 27/30 MP: 7/7
  1566 | D:2      | Identified the +4 falchion "Fuenikh" {freeze, Will+}
  1694 | D:2      | Reached skill level 6 in Necromancy
  1694 | D:2      | Reached XP level 5. HP: 35/35 MP: 5/8
  2086 | D:3      | Noticed Ijyb
  2102 | D:3      | Killed Ijyb
  2131 | D:3      | Found Zook's Book Shoppe.
  2146 | D:3      | Noticed Terence
  2158 | D:3      | Killed Terence
  2263 | D:3      | Identified a scroll of acquirement
  2263 | D:3      | Acquired the scarf of Atheism {repulsion, *Corrode rElec
                  | rF- Will+++}
  2311 | D:3      | Reached XP level 6. HP: 24/41 MP: 4/9
  2327 | D:3      | Reached skill level 7 in Necromancy
  2875 | D:4      | Reached skill level 8 in Necromancy
  2875 | D:4      | Reached XP level 7. HP: 17/46 MP: 10/10
  2881 | D:4      | Learned a level 5 spell: Agony
  3605 | D:4      | Found Iboihouz's Book Emporium.
  3818 | D:4      | Upgraded the game from 0.31-a0-963-ga325b2283a to
                  | 0.31-a0-968-g24f9ace8b5
  4339 | D:4      | Slain by a hobgoblin

Illustrated notes

Levels and vault maps discovered:
D:1:      co_arrival_hall_of_pillars, layout_loops_ring, nicolae_grassy_gnolls
D:2:      minmay_roachtagon, layout_basic
D:3:      layout_rooms, serial_shops, shop, uniq_ijyb, uniq_terence
D:4:      minmay_goblin_kobold_castle, layout_loops_ring, serial_shops,
          nicolae_shop_real_fake_doors

Skill      XL: |  1  2  3  4  5  6 |
---------------+-------------------+-----
Necromancy     | 5 6 8 |  8.9
Dodging        | |  2.0
Stealth        | |  2.0
Spellcasting   | |  2.0

Action                     |  1- 3 |  4- 6 |  7- 9 || total
---------------------------+-------+-------+-------++-------
  Melee: Unarmed           |    12 |       |       ||    12
         Dagger            |     9 |    75 |       ||    84
         Flail             |     8 |       |       ||     8
         Falchion          |       |    46 |   130 ||   176
   Cast: Necrotise         |    29 |    53 |       ||    82
         Vampiric Draining |       |     5 |    22 ||    27
    Use: Scroll            |       |     5 |     5 ||    10
   Stab: Sleeping          |     2 |     4 |     1 ||     7
 Armour: Robe              |    17 |    79 |   117 ||   213
  Dodge: Dodged            |    33 |    88 |   171 ||   292
         Repelled          |       |     1 |     4 ||     5

Table legend: (Time is in decaauts)
 A = Elapsed time spent in this place.
 B = Non-inter-level travel time spent in this place.
 C = Inter-level travel time spent in this place.
 D = Time resting spent in this place.
 E = Time spent auto-exploring this place.
 F = Levels seen in this place.
 G = Mean time per level.
                   A        B        C        D        E       F      G
               +--------+--------+--------+--------+--------+-----+--------+
         Total |   4395 |   4308 |     87 |    575 |   2501 |   4 | 1098.8 |
       Dungeon |   4395 |   4308 |     87 |    575 |   2501 |   4 | 1098.8 |
               +--------+--------+--------+--------+--------+-----+--------+

Top non-repeatable levels by time:
     D:4: 1685 daAuts
     D:2: 1100 daAuts
     D:1: 948 daAuts
     D:3: 661 daAuts
